 Dungeon Crawl Stone Soup version 0.27.1-1-g398f81649c (webtiles) character file.

Game seed: 6219360196643979482

1807 ZARRMARR the Slicer (level 9, -1/51 HPs)
             Began as an Octopode Conjurer on Sept 13, 2021.
             Slain by a wyvern (20 damage)
             ... on level 7 of the Dungeon.
             The game lasted 00:27:25 (9140 turns).

ZARRMARR the Slicer (Octopode Conjurer)             Turns: 9140, Time: 00:27:25

Health: -1/51      AC:  1    Str:  6    XL:     9   Next: 9%
Magic:  5/12       EV: 15    Int: 29    God:
Gold:   858        SH:  0    Dex: 11    Spells: 11/12 levels left

rFire    . . .     SeeInvis .   n - +4 dagger (speed)
rCold    + . .     Faith    .   (no shield)
rNeg     . . .     Spirit   .   (helmet restricted)
rPois    .         Reflect  .   (no amulet)
rElec    .         Harm     .   i - ring of protection from cold
rCorr    .         Rampage  .   m - +6 ring of intelligence
Will     .....                  (no ring)
Stlth    +++.......             (no ring)
HPRegen  0.17/turn              (no ring)
MPRegen  0.13/turn              (no ring)
                                (no ring)
                                (no ring)

@: no status effects
A: almost no armour, amphibious, 8 rings, camouflage 1, gelatinous body 1,
(nimble swimmer 1), tentacles
a: no special abilities


You were on level 7 of the Dungeon.
You visited 1 branch of the dungeon, and saw 7 of its levels.

You collected 858 gold pieces.

Inventory:

Hand Weapons
 n - a +4 dagger of speed (weapon)
 o - a +5 dagger
Missiles
 u - 3 boomerangs of dispersal
Jewellery
 i - a ring of protection from cold (left tentacle)
 m - a +6 ring of intelligence (right tentacle)
Wands
 q - a wand of flame (10)
Scrolls
 d - a scroll of vulnerability
 f - 2 scrolls of silence {unknown}
 g - 3 scrolls of enchant weapon {unknown}
 h - 3 scrolls of fear
 k - 2 scrolls of teleportation {unknown}
 l - 2 scrolls of immolation {unknown}
Potions
 a - a potion of curing
 b - a potion of heal wounds
 c - a potion of mutation {unknown}
 e - a potion of invisibility {unknown}
 j - 2 potions of ambrosia
 p - a potion of might {unknown}
 r - a potion of attraction {unknown}
 s - 2 potions of haste
 t - a potion of degeneration {unknown}


   Skills:
 * Level 9.8 Short Blades
 + Level 6.1 Dodging
 - Level 2.6 Stealth
 - Level 2.0 Spellcasting
 - Level 4.0 Conjurations


You had 11 spell levels left.
You knew the following spells:

 Your Spells              Type           Power      Damage    Failure   Level
a - Magic Dart            Conj           100%       1d8       1%          1

Your spell library contained the following spells:

 Spells                   Type           Power      Damage    Failure   Level
 Searing Ray              Conj           52%        3d5       2%          2
 Corona                   Hex            2%         N/A       9%          1
 Dazzling Flash           Conj/Hex       28%        N/A       11%         3
 Ensorcelled Hibernation  Hex/Ice        4%         N/A       13%         2
 Sublimation of Blood     Necr           1%         N/A       13%         2
 Wereblood                Tmut           2%         N/A       13%         2
 Portal Projectile        Hex/Tloc       4%         N/A       26%         3
 Tukima's Dance           Hex            2%         N/A       26%         3
 Fulminant Prism          Conj/Hex       7%         3d7       36%         4
 Iskenderun's Mystic Bla  Conj/Tloc      14%        2d5       36%         4
 Blade Hands              Tmut           1%         N/A       93%         5
 Excruciating Wounds      Necr           1%         N/A       93%         5
 Summon Hydra             Summ           1%         N/A       100%        7


Dungeon Overview and Level Annotations

Branches:
Dungeon (7/15)
 Temple: D:4-7

Altars:
Ashenzari
Trog

Shops:
D:3 (

Annotations:
D:2 exclusion: black bear
D:3 3 runed translucent doors, AttackTheMoon's ghost, amateur GnWz
D:4 exclusion: downstairs
D:5 exclusion: downstairs
D:6 Duvessa


Innate Abilities, Weirdness & Mutations

You cannot wear most types of armour.
You are amphibious.
You can wear up to eight rings at the same time.
Your skin changes colour to match your surroundings (Stealth+).
Your rubbery body absorbs attacks. (AC +1, EV +1)
((You are camouflaged near water. (Stealth+)))
You have tentacles for arms and can constrict up to eight enemies at once.


Message History

The orc closely misses you.
You hit the orc.
You kill the orc!
A shadow imp comes into view.
The magic dart hits the shadow imp.
The shadow imp is severely wounded.
The shadow imp shouts!
The magic dart hits the shadow imp.
You kill the shadow imp!
A wyvern comes into view.
The magic dart hits the wyvern.
The wyvern is lightly wounded.
The wyvern hisses angrily.
The magic dart hits the wyvern.
The wyvern is moderately wounded.
The magic dart hits the wyvern.
The wyvern is moderately wounded.
The magic dart hits the wyvern.
The wyvern is heavily wounded.
You hit the wyvern.
The wyvern is heavily wounded.
You hit the wyvern.
The wyvern is severely wounded.
The wyvern bites you!
You hit the wyvern.
The wyvern is severely wounded.
You hit the wyvern.
The wyvern is almost dead.
The wyvern bites you!
You hit the wyvern.
The wyvern is almost dead.
The wyvern bites you!
You are too injured to fight recklessly!
You hit the wyvern but do no damage.
You squeeze the wyvern, but do no damage.
The wyvern is almost dead.
You hit the wyvern but do no damage. You squeeze the wyvern.
The wyvern is almost dead.
The wyvern bites you!!
You die...

........#.......#
........#.(.....#
........#.......#
........#.......# .
........##......######..
####.....#......#.......
...#.....#......#.......
...#.....#......#.......
...#.....'......@l......
...'.....#......#.......
...#.....#......#.......
...#.....##...###.......
+####.....##### ###....
....'.....# ....
....#.....# ...
....#.....# ..
....#.....+


You could see a wyvern.

Vanquished Creatures
  Grinder (D:4)
  A water moccasin (D:7)
  An orc warrior (D:5)
  A necrophage (D:6)
  A black bear (D:6)
  An ogre (D:5)
  A centaur (D:6)
  A phantom (D:5)
  2 bullfrogs
  Dowan (D:6)
  2 howler monkeys
  A jelly (D:5)
  A centaur zombie (D:5)
  An orc priest (D:5)
  2 hounds (D:4)
  A gnoll shaman (D:5)
  2 centaur skeletons
  Jessica (D:2)
  4 iguanas
  A scorpion zombie (D:5)
  An orc wizard (D:3)
  A hound skeleton (D:4)
  Robin (D:4)
  A howler monkey zombie (D:7)
  5 gnolls (D:5)
  11 adders
  A shadow imp (D:7)
  3 ufetubi
  2 worms (D:2)
  3 dart slugs
  16 orcs
  3 ball pythons
  14 endoplasms
  A giant cockroach (D:3)
  15 goblins
  11 hobgoblins
  9 kobolds
  2 quokkas
  11 bats
  4 frilled lizards
  5 rats
  A spectral hobgoblin (D:1)
148 creatures vanquished.

Vanquished Creatures (others)
  25 plants (D:6)
25 creatures vanquished.

Grand Total: 173 creatures vanquished

Notes
Turn   | Place    | Note
-------+----------+-------------------------------------------
     0 | D:1      | ZARRMARR the Octopode Conjurer began the quest for the Orb.
     0 | D:1      | Reached XP level 1. HP: 11/11 MP: 3/3
    94 | D:1      | Reached skill level 1 in Short Blades
   153 | D:1      | Reached XP level 2. HP: 13/17 MP: 1/5
   309 | D:1      | Reached skill level 2 in Short Blades
   394 | D:1      | Found a faded altar of an unknown god.
   794 | D:1      | Reached XP level 3. HP: 21/21 MP: 4/6
   986 | D:1      | Identified a scroll of acquirement
   986 | D:1      | Acquired 578 gold pieces
  1108 | D:2      | Noticed a black bear
  1163 | D:2      | Reached skill level 3 in Short Blades
  1248 | D:2      | Noticed Jessica
  1259 | D:2      | Killed Jessica
  1260 | D:2      | Reached XP level 4. HP: 12/27 MP: 7/7
  1456 | D:2      | Reached skill level 4 in Short Blades
  1981 | D:2      | Reached XP level 5. HP: 31/31 MP: 4/8
  2547 | D:3      | Found a bloodstained altar of Trog.
  2568 | D:3      | Reached skill level 5 in Short Blades
  2907 | D:3      | Found a runed translucent gate.
  2907 | D:3      | Found a runed translucent gate.
  2907 | D:3      | Found a runed translucent gate.
  2908 | D:3      | Noticed AttackTheMoon's ghost (amateur GnWz)
  2956 | D:3      | Found Terizir's Weapon Emporium.
  3051 | D:4      | Noticed Grinder
  3082 | D:4      | Reached XP level 6. HP: 36/36 MP: 9/9
  3107 | D:4      | Paralysed by Grinder for 2 turns
  3126 | D:4      | Killed Grinder
  3127 | D:4      | Reached skill level 6 in Short Blades
  3127 | D:4      | Reached XP level 7. HP: 41/41 MP: 10/10
  3284 | D:4      | Noticed Robin
  3306 | D:4      | Killed Robin
  3764 | D:4      | Reached skill level 7 in Short Blades
  4196 | D:5      | Entered Level 5 of the Dungeon
  4601 | D:5      | Identified the +4 leather armour "Xicwiel" {Harm *Slow rC+
                  | Regen+}
  5439 | D:5      | Reached XP level 8. HP: 30/46 MP: 5/11
  5697 | D:5      | Found a broken altar of Ashenzari.
  5895 | D:5      | Reached skill level 8 in Short Blades
  6637 | D:5      | Found a broken altar of Ashenzari.
  7580 | D:5      | Reached skill level 5 in Dodging
  7962 | D:6      | Noticed Dowan
  7963 | D:6      | Noticed Duvessa
  8212 | D:6      | Killed Dowan
  8213 | D:6      | Reached skill level 9 in Short Blades
  8858 | D:7      | Reached XP level 9. HP: 51/51 MP: 7/12
  9140 | D:7      | Slain by a wyvern

Illustrated notes

Levels and vault maps discovered:
D:1:      lightli_arrival_flooded_house, layout_rooms,
          dreamdust_ecumenical_altar_drowned_temple
D:2:      minmay_chambers_of_ones, layout_loops_cross, uniq_jessica
D:3:      layout_rooms, trog_three_pillars_becter, gammafunk_ghost_necromancy,
          serial_shops, nicolae_shop_trees
D:4:      layout_rooms, uniq_grinder, uniq_robin
D:5:      layout_layer_cave, nicolae_ashenzari_panopticon,
          hangedman_decor_peaks_small, dk_noncrumbling_4
D:6:      kennysheep_housing_project, layout_rooms, minmay_fountain_box,
          fountainhead, chequers_serial_rivers_micro_d, uniq_duvessa
D:7:      layout_gridville, minmay_temple_entry_trees

Skill      XL: |  1  2  3  4  5  6  7  8  9 |
---------------+----------------------------+-----
Short Blades   | 1 2 3 4 5 6 7 9 |  9.8
Dodging        | 3 4 5 6 |  6.1
Stealth        | |  2.6
Spellcasting   | |  2.0
Conjurations   | |  4.0

Action                   |  1- 3 |  4- 6 |  7- 9 || total
-------------------------+-------+-------+-------++-------
Melee: Unarmed           |     5 |       |       ||     5
       Short sword       |    18 |    48 |       ||    66
       Constrict         |     4 |    10 |    18 ||    32
       Tentacles         |     3 |    10 |    18 ||    31
       Dagger            |       |    77 |   148 ||   225
 Cast: Magic Dart        |    43 |    60 |   169 ||   272
  Use: Scroll            |     6 |     1 |     3 ||    10
       Potion            |       |     2 |     4 ||     6
 Stab: Sleeping          |     2 |     5 |     4 ||    11
Armor: Skin              |       |    22 |    12 ||    34
Dodge: Dodged            |     8 |    29 |    45 ||    82
